AoeStats
← HAMADY

Arena

507422382Analyzed
4v4 RM · 14d ago on Sep 18, 2026· 54m 5s· 8 players
Game mode
Random Map
Map size
Large (8 player)
Population
200
Speed
Normal
Resources
Standard
Victory
Conquest
Starting age
Dark Age
Ending age
Imperial Age
RankedLock teamsTeams togetherTeam positionsShared explorationLock speedFull tech treeHidden civsTurbo modeCheats
Victory
Defeat
🇭🇰 Khmer · Hong Kong SAR China
1358
+14
🇯🇵 Britons · Japan
1324
+16
🇦🇷 Slavs · Argentina
1308
+16
🇲🇽 Chinese · Mexico
1267
+18
🇦🇷 Slavs · Argentina
1457
-22
🇦🇷 Spanish · Argentina
1289
-15
🇺🇸 Bohemians · United States
1259
-14
🇦🇷 Magyars · Argentina
1249
-13
Eduardo
0:27 Loom
10:59 Feudal Age
12:17 Wheelbarrow
15:17 Castle Age
13:55 Double-Bit Axe
14:37 Horse Collar
21:53 Fletching
22:34 Bodkin Arrow
25:18 Padded Archer Armor
26:23 Leather Archer Armor
32:56 Imperial Age
31:56 Ballistics
31:26 Heated Shot
32:59 Hand Cart
34:17 Forging
34:38 Ring Archer Armor
36:01 Iron Casting
34:48 Pikeman
36:57 Chemistry
37:40 Town Watch
37:43 Elite Fire Lancer
41:33 Squires
41:19 Arson
41:47 Halberdier
42:53 Town Patrol
45:37 Blast Furnace
44:38 Scale Mail Armor
44:44 Scale Barding Armor
48:36 Chain Mail Armor
49:45 Bow Saw
53:47 Plate Mail Armor
虫
12:53 Feudal Age
15:56 Castle Age
13:44 Double-Bit Axe
13:41 Horse Collar
17:15 Bow Saw
17:07 Heavy Plow
22:09 Wheelbarrow
23:15 Hand Cart
23:24 Gold Mining
23:25 Stone Mining
25:49 Gold Shaft Mining
25:52 Stone Shaft Mining
29:36 Imperial Age
28:55 Loom
28:55 Town Watch
29:20 Scale Barding Armor
29:36 Tusk Swords
30:05 Town Patrol
30:09 Husbandry
30:19 Bloodlines
30:31 Chain Barding Armor
30:22 Forging
32:06 Plate Barding Armor
32:06 Iron Casting
32:11 Crop Rotation
31:06 Elite Battle Elephant
32:15 Capped Ram
33:45 Conscription
33:42 Siege Ram
34:37 Light Cavalry
35:27 Devotion
35:16 Hussar
HAMADY
10:50 Feudal Age
14:49 Castle Age
15:08 Loom
16:00 Wheelbarrow
16:39 Double-Bit Axe
17:29 Horse Collar
19:10 Bow Saw
22:23 Fletching
22:33 Padded Archer Armor
23:55 Heavy Plow
24:40 Town Watch
26:13 Hand Cart
27:11 Town Patrol
27:22 Bodkin Arrow
31:41 Imperial Age
30:05 Leather Archer Armor
30:26 Yeomen
31:01 Ballistics
31:58 Elite Longbowman
32:45 Bracer
34:25 Chemistry
34:03 Siege Engineers
35:33 Warwolf
36:26 Pikeman
37:06 Squires
36:52 Gambesons
36:52 Arson
37:39 Ring Archer Armor
37:09 Scale Mail Armor
37:19 Forging
38:09 Halberdier
40:23 Two-Man Saw
40:35 Chain Mail Armor
40:55 Iron Casting
40:43 Conscription
42:12 Plate Mail Armor
43:36 Blast Furnace
ZBizkit
13:59 Feudal Age
13:55 Loom
15:42 Loom
18:25 Castle Age
16:43 Double-Bit Axe
16:50 Horse Collar
20:08 Bow Saw
25:06 Fletching
27:55 Bodkin Arrow
32:30 Wheelbarrow
47:26 Imperial Age
45:45 Detinets
46:41 Scale Barding Armor
46:15 Light Cavalry
46:57 Husbandry
47:23 Gold Mining
50:47 Imperial Age
48:36 Bloodlines
49:17 Hand Cart
48:48 Town Watch
49:25 Chain Barding Armor
49:16 Forging
51:22 Caravan
50:53 Hussar
53:10 Two-Man Saw
52:16 Heavy Plow
51:55 Capped Ram
55:20 Plate Barding Armor
54:55 Forging
PNAL | Jivanrios
7:09 Loom
11:48 Feudal Age
15:32 Castle Age
14:28 Loom
14:29 Town Watch
14:47 Double-Bit Axe
14:43 Horse Collar
17:40 Wheelbarrow
18:10 Bow Saw
24:11 Fervor
26:01 Wheelbarrow
28:59 Imperial Age
26:49 Murder Holes
28:04 Chemistry
28:33 Heavy Plow
28:57 Hand Cart
29:55 Pikeman
30:36 Squires
31:53 Conscription
31:45 Fletching
31:56 Padded Archer Armor
32:36 Halberdier
33:20 Scale Mail Armor
33:30 Forging
33:35 Siege Engineers
34:55 Capped Ram
35:36 Houfnice
37:41 Bodkin Arrow
38:01 Chain Mail Armor
38:40 Leather Archer Armor
38:25 Bracer
39:42 Two-Man Saw
39:15 Elite Skirmisher
40:56 Plate Mail Armor
41:01 Iron Casting
40:58 Ring Archer Armor
Isaias 5612
10:49 Feudal Age
14:44 Castle Age
13:22 Double-Bit Axe
14:00 Loom
24:23 Gold Mining
24:15 Horse Collar
38:31 Wheelbarrow
42:13 Imperial Age
41:19 Bow Saw
42:33 Elite Skirmisher
43:19 Thumb Ring
43:16 Padded Archer Armor
43:06 Fletching
43:39 Ballistics
44:20 Chemistry
44:31 Leather Archer Armor
45:33 Conscription
45:37 Bodkin Arrow
46:13 Ring Archer Armor
45:46 Heavy Plow
46:02 Hand Cart
45:33 Town Watch
47:28 Bracer
49:30 Onager
PNAL | ale_petro
10:50 Feudal Age
14:22 Castle Age
12:41 Double-Bit Axe
12:40 Horse Collar
15:50 Bow Saw
18:48 Loom
19:52 Heavy Plow
22:26 Wheelbarrow
25:46 Hand Cart
26:07 Gold Mining
26:08 Stone Mining
29:50 Imperial Age
30:30 Detinets
31:42 Chemistry
30:08 Onager
31:26 Crop Rotation
32:05 Two-Man Saw
31:39 Pikeman
32:19 Squires
32:31 Forging
32:21 Scale Mail Armor
33:33 Siege Onager
34:49 Chain Mail Armor
35:09 Iron Casting
35:02 Conscription
36:08 Capped Ram
38:23 Druzhina
37:59 Halberdier
41:23 Blast Furnace
40:53 Plate Mail Armor
42:28 Siege Engineers
White Horse
11:00 Feudal Age
15:41 Castle Age
14:03 Double-Bit Axe
13:59 Horse Collar
21:20 Wheelbarrow
20:33 Loom
23:53 Bow Saw
24:43 Hand Cart
24:29 Heavy Plow
26:45 Gold Mining
27:43 Town Watch
31:01 Imperial Age
29:03 Scale Barding Armor
30:00 Bloodlines
29:50 Husbandry
30:12 Chain Barding Armor
31:42 Cavalier
34:42 Plate Barding Armor
34:49 Gold Shaft Mining
35:38 Paladin
41:04 Light Cavalry
41:17 Heavy Scorpion
43:53 Chemistry
46:09 Conscription
Connection lost

Rejoining the realm…

Still unreachable

The connection could not be restored.

Session expired

The server has moved on; the page needs a fresh start.